 Dungeon Crawl Stone Soup version 0.29-a0-284-gf9362112df (webtiles) character file.

Game seed: 234869663921225799

67 davidthevgamer991 the Skirmisher (level 3, -4/29 HPs)
             Began as a Demonspawn Fighter on Mar 29, 2022.
             Slain by a gnoll
             ... wielding a +0 halberd
              (11 damage)
             ... on level 2 of the Dungeon.
             The game lasted 00:06:33 (1592 turns).

davidthevgamer991 the Skirmisher (DsFi)             Turns: 1592, Time: 00:06:39

Health: -4/29      AC:  6    Str: 18    XL:     3   Next: 98%
Magic:  3/3        EV:  9    Int:  9    God:
Gold:   63         SH:  4    Dex: 12    Spells: 2/2 levels left

rFire   . . .      SeeInvis .   a - +0 long sword
rCold   . . .      Faith    .   c - +0 buckler
rNeg    . . .      Spirit   .   b - +0 scale mail
rPois   .          Reflect  .   (no helmet)
rElec   .          Harm     .   (no cloak)
rCorr   .          Rampage  .   (no gloves)
Will    .....                   (no boots)
Stlth   ..........              e - amulet of magic regeneration
HPRegen 0.09/turn               (no ring)
MPRegen 0.48/turn               (no ring)

@: no status effects
A: hooves 1
a: no special abilities


You were on level 2 of the Dungeon.
You visited 1 branch of the dungeon, and saw 2 of its levels.

You collected 63 gold pieces.

Inventory:

Hand Weapons
 a - a +0 long sword (weapon)
Armour
 b - a +0 scale mail (worn)
 c - a +0 buckler (worn)
Jewellery
 e - an amulet of magic regeneration (around neck)
Scrolls
 d - 2 scrolls of identify
 f - a scroll of enchant armour {unknown}
Potions
 g - a potion of curing {unknown}


   Skills:
 + Level 3.4 Fighting
 + Level 2.3 Long Blades
 + Level 3.1 Armour
 + Level 1.0 Dodging
 + Level 0.1 Stealth
 + Level 3.0 Shields


You had 2 spell levels left.
You didn't know any spells.
Your spell library was empty.

Dungeon Overview and Level Annotations

Branches:
Dungeon (2/15)

Altars:
Fedhas

Shops:
D:2 *[


Innate Abilities, Weirdness & Mutations

You have large cloven feet.


Message History

g - a fuming blue potion A ball python comes into view.
Found Ugurch's General Store.
You block the ball python's attack. The ball python closely misses you.
The ball python bites you. The ball python grabs you.
The ball python constricts you.
You escape the ball python's grasp.
You slash the ball python!
You kill the ball python!
Found a stone staircase leading down.
A giant cockroach comes into view. 2 gnolls come into view.
The gnoll shouts! x2; You hear a shout!
The gnoll moves out of view.
A gnoll comes into view. It is wielding a +0 halberd.
The giant cockroach waves its antennae.
You closely miss the giant cockroach.
The giant cockroach bites you but does no damage.
The giant cockroach closely misses you.
You slash the giant cockroach!
You kill the giant cockroach!
You hit the gnoll.
The gnoll is lightly wounded.
The gnoll closely misses you.
A gnoll comes into view. It is wielding a +0 whip.
You block the gnoll's attack. The gnoll completely misses you.
You completely miss the gnoll. You kick the gnoll.
The gnoll is moderately wounded.
The gnoll hits you from afar with a +0 halberd!
The gnoll hits you with a +0 flail.
You closely miss the gnoll.
The gnoll is moderately wounded.
The gnoll closely misses you. The gnoll hits you with a +0 flail!
You slash the gnoll! Your kick misses the gnoll.
The gnoll is almost dead.
The gnoll hits you from afar with a +0 halberd.
* * * LOW HITPOINT WARNING * * *
You block the gnoll's attack.
The gnoll hits you from afar with a +0 halberd!
You die...

### . #.. # #.#
# #g# # #g# #
#g# # #g# #
#######@#####.#
#
#.............#
######
#.............#
......
#..####.####..#
###### # #..#
#.# ## # #.#..#
#.# #
#.#..####.# #
#.........# #
#.# ###..#####.
.## ...


You could see 4 gnolls.

Vanquished Creatures
  2 adders (D:2)
  A dart slug (D:1)
  2 endoplasms (D:1)
  4 giant cockroaches
  5 goblins
  3 hobgoblins
  2 jackals (D:1)
  5 kobolds (D:1)
  4 quokkas (D:1)
  5 ball pythons
  2 bats (D:1)
  4 frilled lizards (D:1)
  4 rats
43 creatures vanquished.

Vanquished Creatures (others)
  2 fungi (D:1)
2 creatures vanquished.

Grand Total: 45 creatures vanquished

Notes
Turn   | Place    | Note
-------+----------+-------------------------------------------
     0 | D:1      | davidthevgamer991 the Demonspawn Fighter began the quest
                  | for the Orb.
     0 | D:1      | Reached XP level 1. HP: 18/18 MP: 1/1
   212 | D:1      | Gained mutation: You have large cloven feet. [demonic
                  | ancestry]
   212 | D:1      | Reached XP level 2. HP: 24/24 MP: 2/2
   441 | D:1      | HP: 1/24 [quokka (3)]
   884 | D:1      | Reached XP level 3. HP: 29/29 MP: 3/3
  1276 | D:2      | Found a blossoming altar of Fedhas.
  1316 | D:2      | Reached skill level 1 in Dodging
  1368 | D:2      | Found Yfuycogg's Antique Armour Shoppe.
  1555 | D:2      | Found Ugurch's General Store.
  1592 | D:2      | Slain by a gnoll

Illustrated notes

Levels and vault maps discovered:
D:1:      dpeg_cavernosity, layout_basic, serial_glass, glass_columns_a,
          glass_columns_b, glass_columns_c, glass_columns_b, glass_columns_a,
          glass_columns_b
D:2:      layout_loops_ring, shapermc_ecumenical_altar_hornbeckon, serial_shops,
          nicolae_shop_crystal, shop_fountains, nicolae_shop_hallway_plus,
          nicolae_shop_advertising_works [nicolae_subvault_shop_adworks],
          basic_altar

Skill      XL: |  1  2  3 |
---------------+----------+-----
Shields        | 3 |  3.0
Armour         | 3 |  3.1
Long Blades    | 2 |  2.3
Dodging        | 1 |  1.0
Fighting       | |  3.4
Stealth        | |  0.1

Action                   || total
-------------------------++-------
Melee: Long sword        ||   116
       Kick              ||    15
  Use: Potion            ||     1
       Scroll            ||     1
Armor: Scale mail        ||    96
Dodge: Dodged            ||    74
Block: Buckler           ||    38

Table legend: (Time is in decaauts)
 A = Elapsed time spent in this place.
 B = Non-inter-level travel time spent in this place.
 C = Inter-level travel time spent in this place.
 D = Time resting spent in this place.
 E = Time spent auto-exploring this place.
 F = Levels seen in this place.
 G = Mean time per level.
                   A        B        C        D        E       F      G
               +--------+--------+--------+--------+--------+-----+--------+
         Total |   1633 |   1610 |     23 |    539 |      0 |   2 |  816.5 |
       Dungeon |   1633 |   1610 |     23 |    539 |      0 |   2 |  816.5 |
               +--------+--------+--------+--------+--------+-----+--------+

Top non-repeatable levels by time:
     D:1: 1269 daAuts
     D:2: 363 daAuts
